[ AOE2 MATCH · #477331353 ]
Team RMMongols vs Bulgarians
[ REPLAY ANALYSIS · EXTRACTED FROM THE RECORDED GAME ]
Feudal
10:09
Castle
22:02
Imperial
—
| APM avg | 20.0 |
| APM peak | 50 |
| eAPM avg | 15.9 |
| Villagers / military | 130 / 80 |
Focus
⚔️ 18.1% · 🌾 81.9%
Skirmisher ×50 · Cavalry Archer ×17 · Battering Ram ×6 · Petard ×4 · Mangudai ×3
Feudal
8:37
Castle
20:09
Imperial
28:31
| APM avg | 18.9 |
| APM peak | 51 |
| eAPM avg | 13.6 |
| Villagers / military | 86 / 56 |
Focus
⚔️ 28.3% · 🌾 71.7%
Militia ×25 · Skirmisher ×21 · Cataphract ×3 · Camel Scout ×3 · Trebuchet (Packed) ×2 · Monk ×1
Feudal
11:19
Castle
17:35
Imperial
27:39
| APM avg | 17.3 |
| APM peak | 33 |
| eAPM avg | 13.4 |
| Villagers / military | 136 / 154 |
Focus
⚔️ 30.1% · 🌾 69.9%
Skirmisher ×80 · Archer ×53 · Spearman ×9 · Plumed Archer ×5 · Trebuchet (Packed) ×4 · Battering Ram ×3
Feudal
—
Castle
—
Imperial
—
| APM avg | 18.2 |
| APM peak | 37 |
| eAPM avg | 15.2 |
| Villagers / military | 118 / 84 |
Focus
⚔️ 21.4% · 🌾 78.6%
Militia ×40 · Spearman ×19 · Konnik ×15 · Trebuchet (Packed) ×6 · Skirmisher ×4
Match map
Initial resources + every placement click. Lines = walls · curves = elevation contours. ◆ gold · ⬟ stone · ● berries · ✦ relic · ◌ wall gap
Your base· Open — unwalled flank
Red Leader's base· Open — unwalled flank
KingKongKeule's base· Open — unwalled flank
S1eKej86's base· Open — unwalled flank
Smoothed initial terrain · ◌ = detected wall gap · hover for details
Inputs per minute
— bjoern4tel - - Red Leader
Build order — bjoern4tel
First 150 of 301 actions detected
| 0:02 | Create | Villager (Male) |
| 0:02 | Create | Villager (Male) |
| 0:05 | Build | House |
| 0:07 | Build | House |
| 0:07 | Create | Villager (Male) |
| 0:08 | Create | Villager (Male) |
| 0:31 | Create | Villager (Male) |
| 0:33 | Create | Villager (Male) |
| 1:35 | Create | Villager (Male) |
| 1:45 | Create | Villager (Male) |
| 2:09 | Create | Villager (Male) |
| 2:09 | Create | Villager (Male) |
| 2:09 | Create | Villager (Male) |
| 2:24 | Build | Mining Camp |
| 2:29 | Create | Villager (Male) |
| 3:03 | Build | Lumber Camp |
| 3:05 | Create | Villager (Male) |
| 3:09 | Create | Villager (Male) |
| 3:40 | Create | Villager (Male) |
| 3:45 | Create | Villager (Male) |
| 3:58 | Create | Villager (Male) |
| 4:06 | Build | Mill |
| 4:27 | Create | Villager (Male) |
| 4:31 | Build | House |
| 4:44 | Build | House |
| 4:46 | Create | Villager (Male) |
| 4:50 | Research | Loom |
| 4:53 | Create | Villager (Male) |
| 5:05 | Create | Villager (Male) |
| 5:18 | Create | Villager (Male) |
| 5:18 | Create | Villager (Male) |
| 5:28 | Build | House |
| 5:36 | Create | Villager (Male) |
| 5:43 | Create | Villager (Male) |
| 5:53 | Create | Villager (Male) |
| 6:03 | Build | Mill |
| 6:04 | Create | Villager (Male) |
| 6:48 | Build | Mining Camp |
| 6:51 | Create | Villager (Male) |
| 6:57 | Create | Villager (Male) |
| 7:04 | Create | Villager (Male) |
| 7:28 | Build | Mill |
| 7:59 | Research | Feudal Age |
| 8:01 | Create | Villager (Male) |
| 8:22 | Create | Villager (Male) |
| 8:24 | Create | Villager (Male) |
| 8:24 | Create | Villager (Male) |
| 8:24 | Create | Villager (Male) |
| 8:30 | Create | Villager (Male) |
| 8:46 | Create | Villager (Male) |
| 8:56 | Build | House |
| 9:00 | Build | Barracks |
| 9:10 | Build | Lumber Camp |
| 9:14 | Create | Villager (Male) |
| 9:18 | Build | House |
| 9:20 | Build | House |
| 9:40 | Create | Villager (Male) |
| 9:40 | Create | Villager (Male) |
| 9:49 | Build | House |
| 9:52 | Build | House |
| 9:54 | Build | House |
| 10:08 | Build | House |
| 10:09 | Age | Feudal Age |
| 10:10 | Build | House |
| 10:11 | Build | House |
| 10:14 | Create | Villager (Male) |
| 10:16 | Create | Villager (Male) |
| 10:16 | Create | Villager (Male) |
| 10:16 | Create | Villager (Male) |
| 10:23 | Create | Villager (Male) |
| 10:35 | Create | Villager (Male) |
| 10:42 | Build | Mining Camp |
| 10:45 | Build | House |
| 10:47 | Build | House |
| 10:51 | Create | Villager (Male) |
| 10:52 | Create | Villager (Male) |
| 11:08 | Research | Wheelbarrow |
| 11:10 | Create | Villager (Male) |
| 11:11 | Create | Villager (Male) |
| 11:22 | Create | Villager (Male) |
| 11:26 | Research | Double-Bit Axe |
| 11:31 | Research | Horse Collar |
| 11:40 | Build | House |
| 11:42 | Build | House |
| 11:44 | Build | House |
| 11:45 | Build | House |
| 11:47 | Create | Villager (Male) |
| 11:52 | Create | Villager (Male) |
| 12:17 | Create | Villager (Male) |
| 12:24 | Build | Archery Range |
| 12:34 | Build | Archery Range |
| 12:35 | Build | House |
| 12:37 | Build | House |
| 12:48 | Create | Villager (Male) |
| 12:52 | Create | Villager (Male) |
| 12:55 | Create | Villager (Male) |
| 12:56 | Create | Villager (Male) |
| 13:09 | Build | House |
| 13:11 | Build | House |
| 13:20 | Create | Villager (Male) |
| 13:21 | Create | Villager (Male) |
| 13:31 | Build | Mining Camp |
| 13:33 | Create | Villager (Male) |
| 13:43 | Build | Farm |
| 13:44 | Build | Farm |
| 13:44 | Build | Farm |
| 13:44 | Build | Farm |
| 13:44 | Build | Farm |
| 13:45 | Build | Farm |
| 13:45 | Build | Farm |
| 14:03 | Build | House |
| 14:05 | Create | Villager (Male) |
| 14:06 | Create | Villager (Male) |
| 14:21 | Build | Archery Range |
| 14:29 | Create | Villager (Male) |
| 14:30 | Create | Villager (Male) |
| 14:39 | Create | Villager (Male) |
| 14:50 | Build | Watch Tower |
| 14:54 | Build | House |
| 15:37 | Create | Villager (Male) |
| 15:44 | Create | Villager (Male) |
| 15:52 | Create | Villager (Male) |
| 15:53 | Create | Villager (Male) |
| 15:58 | Build | Farm |
| 15:58 | Build | Farm |
| 15:59 | Build | Farm |
| 15:59 | Build | Farm |
| 15:59 | Build | Farm |
| 15:59 | Build | Farm |
| 15:59 | Build | Farm |
| 16:00 | Build | Farm |
| 16:00 | Build | Farm |
| 16:00 | Build | Farm |
| 16:18 | Create | Villager (Male) |
| 16:19 | Create | Villager (Male) |
| 16:22 | Create | Villager (Male) |
| 16:23 | Create | Villager (Male) |
| 16:23 | Create | Villager (Male) |
| 16:29 | Build | Lumber Camp |
| 16:32 | Create | Villager (Male) |
| 16:32 | Create | Villager (Male) |
| 16:41 | Build | Archery Range |
| 16:47 | Build | House |
| 17:19 | Build | Farm |
| 17:20 | Build | Farm |
| 17:20 | Build | Farm |
| 17:20 | Build | Farm |
| 17:40 | Build | Archery Range |
| 17:49 | Create | Villager (Male) |
| 17:50 | Create | Villager (Male) |
Build order — Red Leader
First 150 of 299 actions detected
| 0:04 | Build | House |
| 0:05 | Build | House |
| 0:09 | Create | Villager (Male) |
| 0:09 | Create | Villager (Male) |
| 0:09 | Create | Villager (Male) |
| 0:10 | Create | Villager (Male) |
| 0:10 | Create | Villager (Male) |
| 0:44 | Build | House |
| 0:46 | Build | House |
| 1:24 | Build | House |
| 1:26 | Build | House |
| 1:57 | Create | Villager (Male) |
| 1:57 | Create | Villager (Male) |
| 2:31 | Create | Villager (Male) |
| 2:31 | Create | Villager (Male) |
| 2:39 | Create | Villager (Male) |
| 3:32 | Create | Villager (Male) |
| 3:32 | Create | Villager (Male) |
| 4:14 | Create | Villager (Male) |
| 4:19 | Create | Villager (Male) |
| 4:21 | Create | Villager (Male) |
| 4:21 | Create | Villager (Male) |
| 5:38 | Build | Lumber Camp |
| 6:01 | Build | Mill |
| 6:24 | Create | Villager (Male) |
| 6:24 | Create | Villager (Male) |
| 6:24 | Create | Villager (Male) |
| 6:27 | Research | Feudal Age |
| 6:35 | Create | Villager (Male) |
| 6:35 | Create | Villager (Male) |
| 6:52 | Research | Loom |
| 7:11 | Create | Villager (Male) |
| 7:11 | Create | Villager (Male) |
| 7:37 | Build | Lumber Camp |
| 7:46 | Build | Mining Camp |
| 7:50 | Create | Villager (Male) |
| 7:50 | Create | Villager (Male) |
| 8:31 | Build | Barracks |
| 8:37 | Age | Feudal Age |
| 8:44 | Build | House |
| 8:49 | Build | House |
| 8:56 | Build | Stone Wall |
| 9:08 | Build | Mining Camp |
| 9:11 | Create | Villager (Male) |
| 9:18 | Create | Villager (Male) |
| 9:18 | Create | Villager (Male) |
| 9:28 | Create | Villager (Male) |
| 9:28 | Create | Villager (Male) |
| 9:51 | Build | Mining Camp |
| 10:10 | Build | Mill |
| 10:16 | Build | Mining Camp |
| 10:29 | Build | Blacksmith |
| 10:38 | Create | Villager (Male) |
| 10:38 | Create | Villager (Male) |
| 10:38 | Create | Villager (Male) |
| 10:59 | Create | Villager (Male) |
| 11:22 | Build | Farm |
| 11:22 | Build | Farm |
| 11:23 | Build | Farm |
| 11:32 | Build | Farm |
| 11:33 | Build | Farm |
| 11:40 | Build | Farm |
| 11:56 | Create | Villager (Male) |
| 11:56 | Create | Villager (Male) |
| 12:32 | Research | Horse Collar |
| 12:44 | Create | Villager (Male) |
| 12:50 | Create | Villager (Male) |
| 13:12 | Build | Market |
| 13:18 | Build | House |
| 13:19 | Build | House |
| 13:24 | Build | Stone Wall |
| 13:39 | Build | Stone Wall |
| 13:43 | Build | Gate |
| 13:47 | Build | Farm |
| 13:57 | Create | Spearman |
| 14:03 | Create | Villager (Male) |
| 14:04 | Research | Wheelbarrow |
| 14:09 | Create | Villager (Male) |
| 14:12 | Create | Villager (Male) |
| 14:15 | Create | Villager (Male) |
| 14:19 | Build | Farm |
| 14:20 | Build | Farm |
| 14:20 | Build | Farm |
| 14:20 | Build | Farm |
| 14:20 | Build | Farm |
| 14:20 | Build | Farm |
| 14:36 | Build | Lumber Camp |
| 14:43 | Create | Villager (Male) |
| 14:44 | Create | Villager (Male) |
| 14:53 | Build | Farm |
| 14:58 | Build | Farm |
| 15:13 | Create | Villager (Male) |
| 15:19 | Build | Farm |
| 15:21 | Create | Villager (Male) |
| 15:21 | Create | Villager (Male) |
| 15:29 | Research | Double-Bit Axe |
| 16:07 | Build | Farm |
| 16:21 | Research | Forging |
| 16:22 | Research | Scale Barding Armor |
| 16:46 | Build | Archery Range |
| 16:47 | Build | Archery Range |
| 16:48 | Build | Archery Range |
| 17:02 | Build | Farm |
| 17:29 | Research | Castle Age |
| 17:52 | Research | Fletching |
| 17:52 | Research | Padded Archer Armor |
| 18:03 | Create | Skirmisher |
| 18:03 | Create | Skirmisher |
| 18:03 | Create | Skirmisher |
| 18:03 | Create | Skirmisher |
| 18:03 | Create | Skirmisher |
| 18:03 | Create | Skirmisher |
| 18:22 | Build | Stable |
| 18:29 | Build | Stone Wall |
| 19:23 | Build | House |
| 19:23 | Build | House |
| 19:23 | Build | House |
| 19:23 | Build | House |
| 19:24 | Build | House |
| 19:24 | Build | House |
| 19:24 | Build | House |
| 19:24 | Build | House |
| 19:36 | Create | Skirmisher |
| 19:37 | Create | Skirmisher |
| 19:37 | Create | Skirmisher |
| 19:37 | Create | Skirmisher |
| 19:37 | Create | Skirmisher |
| 19:37 | Create | Skirmisher |
| 20:09 | Age | Castle Age |
| 20:10 | Research | Elite Skirmisher (upgrade) |
| 20:34 | Create | Camel Scout |
| 20:34 | Create | Camel Scout |
| 20:53 | Build | House |
| 20:53 | Build | House |
| 20:54 | Build | House |
| 20:54 | Build | House |
| 20:54 | Build | House |
| 21:01 | Create | Villager (Male) |
| 21:02 | Research | Hand Cart |
| 21:13 | Create | Camel Scout |
| 21:23 | Build | Mining Camp |
| 21:41 | Build | Farm |
| 21:50 | Build | Mining Camp |
| 22:06 | Build | Farm |
| 22:07 | Create | Villager (Male) |
| 22:07 | Create | Villager (Male) |
| 22:33 | Build | Monastery |
| 22:37 | Build | University |
| 22:42 | Build | Stone Wall |
| 22:45 | Build | Stone Wall |
Build order — KingKongKeule
First 150 of 298 actions detected
| 0:01 | Create | Villager (Male) |
| 0:03 | Build | House |
| 0:18 | Create | Villager (Male) |
| 0:19 | Create | Villager (Male) |
| 1:10 | Create | Villager (Male) |
| 1:38 | Create | Villager (Male) |
| 1:39 | Create | Villager (Male) |
| 1:55 | Create | Villager (Male) |
| 2:05 | Create | Villager (Male) |
| 2:13 | Create | Villager (Male) |
| 2:18 | Build | House |
| 2:20 | Build | House |
| 2:21 | Build | House |
| 2:21 | Build | House |
| 2:26 | Create | Villager (Male) |
| 2:26 | Create | Villager (Male) |
| 2:34 | Research | Loom |
| 2:44 | Create | Villager (Male) |
| 3:00 | Create | Villager (Male) |
| 3:04 | Create | Villager (Male) |
| 3:06 | Create | Villager (Male) |
| 3:33 | Create | Villager (Male) |
| 3:34 | Create | Villager (Male) |
| 3:36 | Create | Villager (Male) |
| 3:48 | Create | Villager (Male) |
| 4:06 | Build | Lumber Camp |
| 4:40 | Create | Villager (Male) |
| 4:41 | Create | Villager (Male) |
| 4:42 | Create | Villager (Male) |
| 4:49 | Create | Villager (Male) |
| 4:50 | Create | Villager (Male) |
| 4:59 | Create | Villager (Male) |
| 4:59 | Create | Villager (Male) |
| 5:03 | Build | Mill |
| 5:24 | Create | Villager (Male) |
| 5:25 | Create | Villager (Male) |
| 5:26 | Create | Villager (Male) |
| 6:04 | Build | House |
| 6:05 | Build | House |
| 6:13 | Create | Villager (Male) |
| 6:14 | Create | Villager (Male) |
| 6:15 | Create | Villager (Male) |
| 6:28 | Create | Villager (Male) |
| 6:42 | Create | Villager (Male) |
| 7:02 | Build | House |
| 7:04 | Build | House |
| 7:12 | Build | House |
| 7:13 | Build | House |
| 7:14 | Build | House |
| 7:16 | Build | House |
| 7:21 | Create | Villager (Male) |
| 7:22 | Create | Villager (Male) |
| 7:23 | Create | Villager (Male) |
| 7:49 | Create | Villager (Male) |
| 7:49 | Create | Villager (Male) |
| 7:49 | Create | Villager (Male) |
| 8:10 | Create | Villager (Male) |
| 8:11 | Create | Villager (Male) |
| 8:12 | Create | Villager (Male) |
| 8:59 | Build | Farm |
| 9:09 | Research | Feudal Age |
| 9:17 | Build | Farm |
| 9:18 | Build | Farm |
| 9:25 | Build | Farm |
| 9:25 | Build | Farm |
| 9:47 | Build | Barracks |
| 10:04 | Build | House |
| 10:06 | Build | House |
| 10:07 | Build | House |
| 10:09 | Build | House |
| 10:12 | Create | Villager (Male) |
| 10:13 | Create | Villager (Male) |
| 10:13 | Create | Villager (Male) |
| 10:15 | Create | Villager (Male) |
| 10:15 | Create | Villager (Male) |
| 10:26 | Build | Farm |
| 10:26 | Build | Farm |
| 10:27 | Build | Farm |
| 10:27 | Build | Farm |
| 10:29 | Build | Farm |
| 10:46 | Create | Villager (Male) |
| 10:46 | Create | Villager (Male) |
| 10:48 | Create | Villager (Male) |
| 10:48 | Create | Villager (Male) |
| 10:52 | Build | Farm |
| 11:08 | Build | Farm |
| 11:08 | Build | Farm |
| 11:09 | Build | Farm |
| 11:13 | Build | Farm |
| 11:15 | Build | Farm |
| 11:16 | Build | Farm |
| 11:19 | Age | Feudal Age |
| 11:22 | Build | Mining Camp |
| 11:34 | Research | Double-Bit Axe |
| 11:37 | Create | Villager (Male) |
| 11:37 | Create | Villager (Male) |
| 11:38 | Create | Villager (Male) |
| 11:48 | Build | Archery Range |
| 11:56 | Create | Spearman |
| 11:57 | Create | Spearman |
| 12:15 | Create | Villager (Male) |
| 12:16 | Create | Villager (Male) |
| 12:16 | Create | Villager (Male) |
| 12:16 | Create | Villager (Male) |
| 12:17 | Create | Villager (Male) |
| 12:17 | Create | Villager (Male) |
| 12:51 | Create | Villager (Male) |
| 12:51 | Create | Villager (Male) |
| 12:51 | Create | Villager (Male) |
| 13:04 | Build | Archery Range |
| 13:06 | Create | Archer ×2 |
| 13:14 | Build | Mining Camp |
| 13:23 | Create | Villager (Male) |
| 13:24 | Create | Villager (Male) |
| 13:25 | Create | Villager (Male) |
| 13:25 | Create | Villager (Male) |
| 13:26 | Create | Villager (Male) |
| 13:26 | Create | Villager (Male) |
| 13:40 | Build | Blacksmith |
| 13:48 | Build | Lumber Camp |
| 13:52 | Create | Archer |
| 13:53 | Create | Archer |
| 14:04 | Create | Archer |
| 14:16 | Research | Fletching |
| 14:47 | Build | Stone Wall |
| 14:55 | Research | Castle Age |
| 14:56 | Create | Villager (Male) |
| 14:56 | Create | Villager (Male) |
| 14:57 | Create | Villager (Male) |
| 14:58 | Create | Villager (Male) |
| 15:06 | Create | Archer |
| 15:10 | Research | Padded Archer Armor |
| 15:51 | Create | Spearman |
| 15:52 | Create | Spearman |
| 15:55 | Create | Archer |
| 15:55 | Create | Archer |
| 15:56 | Create | Archer |
| 15:56 | Create | Archer |
| 15:57 | Create | Archer |
| 15:57 | Create | Archer |
| 16:04 | Build | Archery Range |
| 16:04 | Build | Archery Range |
| 16:05 | Build | Archery Range |
| 16:05 | Build | Archery Range |
| 16:05 | Build | Archery Range |
| 16:11 | Create | Villager (Male) |
| 16:11 | Create | Villager (Male) |
| 16:12 | Create | Villager (Male) |
| 16:12 | Create | Villager (Male) |
| 16:13 | Create | Villager (Male) |
Build order — S1eKej86
First 150 of 337 actions detected
| 0:02 | Create | Villager (Male) |
| 0:04 | Build | House |
| 0:06 | Build | House |
| 0:26 | Build | House |
| 0:28 | Build | House |
| 0:37 | Create | Villager (Male) |
| 0:38 | Create | Villager (Male) |
| 0:38 | Create | Villager (Male) |
| 0:42 | Research | Loom |
| 1:15 | Create | Villager (Male) |
| 1:46 | Create | Villager (Male) |
| 1:59 | Create | Villager (Male) |
| 2:09 | Create | Villager (Male) |
| 2:18 | Create | Villager (Male) |
| 2:33 | Create | Villager (Male) |
| 2:39 | Create | Villager (Male) |
| 2:51 | Create | Villager (Male) |
| 3:03 | Create | Villager (Male) |
| 3:08 | Build | House |
| 3:09 | Build | House |
| 3:10 | Build | House |
| 3:14 | Create | Villager (Male) |
| 3:22 | Create | Villager (Male) |
| 3:36 | Create | Villager (Male) |
| 3:37 | Create | Villager (Male) |
| 3:45 | Create | Villager (Male) |
| 3:57 | Create | Villager (Male) |
| 4:06 | Create | Villager (Male) |
| 4:09 | Create | Villager (Male) |
| 4:13 | Create | Villager (Male) |
| 4:52 | Build | House |
| 5:36 | Build | Mill |
| 5:41 | Create | Villager (Male) |
| 5:42 | Create | Villager (Male) |
| 5:45 | Create | Villager (Male) |
| 5:45 | Create | Villager (Male) |
| 6:11 | Create | Villager (Male) |
| 6:12 | Create | Villager (Male) |
| 6:18 | Build | Mill |
| 6:37 | Create | Villager (Male) |
| 6:37 | Create | Villager (Male) |
| 6:52 | Create | Villager (Male) |
| 6:52 | Create | Villager (Male) |
| 7:01 | Build | Mill |
| 7:04 | Create | Villager (Male) |
| 7:07 | Create | Villager (Male) |
| 7:08 | Create | Villager (Male) |
| 7:11 | Create | Villager (Male) |
| 7:12 | Create | Villager (Male) |
| 7:21 | Build | Lumber Camp |
| 8:07 | Create | Villager (Male) |
| 8:07 | Create | Villager (Male) |
| 8:11 | Create | Villager (Male) |
| 8:11 | Create | Villager (Male) |
| 8:17 | Create | Villager (Male) |
| 8:18 | Create | Villager (Male) |
| 8:33 | Build | Mill |
| 8:36 | Create | Villager (Male) |
| 8:42 | Build | Mining Camp |
| 8:45 | Create | Villager (Male) |
| 8:45 | Create | Villager (Male) |
| 8:53 | Build | House |
| 8:56 | Build | House |
| 9:07 | Create | Villager (Male) |
| 9:15 | Build | Barracks |
| 9:19 | Create | Villager (Male) |
| 9:19 | Create | Villager (Male) |
| 9:53 | Build | Lumber Camp |
| 10:03 | Build | Mill |
| 10:12 | Research | Feudal Age |
| 10:16 | Create | Villager (Male) |
| 10:16 | Create | Villager (Male) |
| 10:25 | Build | Mining Camp |
| 10:28 | Create | Villager (Male) |
| 10:28 | Create | Villager (Male) |
| 10:28 | Create | Villager (Male) |
| 10:40 | Build | House |
| 10:40 | Build | House |
| 10:41 | Build | House |
| 10:42 | Build | House |
| 10:47 | Create | Militia |
| 10:48 | Create | Militia |
| 10:59 | Build | Mining Camp |
| 11:14 | Create | Villager (Male) |
| 11:14 | Create | Villager (Male) |
| 11:22 | Build | Mining Camp |
| 11:30 | Create | Militia |
| 11:31 | Create | Militia |
| 11:31 | Create | Militia |
| 12:08 | Create | Militia |
| 12:08 | Create | Militia |
| 12:12 | Create | Villager (Male) |
| 12:12 | Create | Villager (Male) |
| 12:28 | Build | Farm |
| 12:29 | Build | Farm |
| 12:29 | Build | Farm |
| 12:29 | Build | Farm |
| 12:29 | Build | Farm |
| 12:30 | Build | Farm |
| 12:30 | Build | Farm |
| 12:30 | Build | Farm |
| 12:31 | Build | Farm |
| 12:31 | Build | Farm |
| 12:32 | Build | Farm |
| 12:36 | Create | Villager (Male) |
| 12:36 | Create | Villager (Male) |
| 12:36 | Create | Villager (Male) |
| 12:48 | Create | Villager (Male) |
| 12:48 | Create | Villager (Male) |
| 12:56 | Build | Farm |
| 12:56 | Build | Farm |
| 13:04 | Build | House |
| 13:04 | Build | House |
| 13:33 | Build | Barracks |
| 13:36 | Create | Militia |
| 13:37 | Create | Militia |
| 13:58 | Build | Mill |
| 14:02 | Create | Villager (Male) |
| 14:02 | Create | Villager (Male) |
| 14:10 | Build | House |
| 14:10 | Build | House |
| 14:22 | Build | Mining Camp |
| 14:28 | Create | Militia |
| 14:28 | Create | Militia |
| 14:48 | Build | Blacksmith |
| 15:02 | Research | Arson |
| 15:12 | Build | Market |
| 15:18 | Build | House |
| 15:24 | Create | Villager (Male) |
| 15:24 | Create | Villager (Male) |
| 15:25 | Create | Villager (Male) |
| 15:33 | Create | Villager (Male) |
| 15:33 | Create | Villager (Male) |
| 15:40 | Create | Villager (Male) |
| 15:40 | Create | Villager (Male) |
| 16:26 | Research | Castle Age |
| 16:31 | Build | Mining Camp |
| 16:38 | Build | Lumber Camp |
| 16:41 | Create | Villager (Male) |
| 16:41 | Create | Villager (Male) |
| 16:48 | Create | Villager (Male) |
| 16:48 | Create | Villager (Male) |
| 16:52 | Research | Double-Bit Axe |
| 16:55 | Research | Horse Collar |
| 16:59 | Build | House |
| 17:30 | Create | Militia |
| 17:31 | Create | Militia |
| 17:33 | Create | Militia |
| 17:33 | Create | Militia |
| 17:36 | Research | Forging |
Match timeline
| 8:31 | Red Leader · first_building Barracks |
| 8:37 | Red Leader · age_up feudal |
| 8:56 | Red Leader · wall_segment Stone Wall x1 |
| 9:00 | bjoern4tel · first_building Barracks |
| 9:15 | S1eKej86 · first_building Barracks |
| 9:47 | KingKongKeule · first_building Barracks |
| 10:09 | bjoern4tel · age_up feudal |
| 11:19 | KingKongKeule · age_up feudal |
| 11:48 | KingKongKeule · first_building Archery Range |
| 12:24 | bjoern4tel · first_building Archery Range |
| 13:24 | Red Leader · wall_segment Stone Wall x1 |
| 13:39 | Red Leader · wall_segment Stone Wall x1 |
| 14:47 | KingKongKeule · wall_segment Stone Wall x9 |
| 16:46 | Red Leader · first_building Archery Range |
| 17:23 | Red Leader · first_market_buy 100 food |
| 17:35 | KingKongKeule · age_up castle |
| 17:51 | S1eKej86 · first_building Archery Range |
| 18:22 | Red Leader · first_building Stable |
| 18:29 | Red Leader · wall_segment Stone Wall x8 |
| 19:15 | bjoern4tel · first_market_buy 100 food |
| 20:00 | S1eKej86 · first_building Castle |
| 20:09 | Red Leader · age_up castle |
| 20:21 | S1eKej86 · first_building Stable |
| 22:02 | bjoern4tel · age_up castle |
| 22:08 | bjoern4tel · first_building Castle |
| 22:33 | Red Leader · first_building Monastery |
| 22:39 | S1eKej86 · first_building Siege Workshop |
| 22:42 | Red Leader · wall_segment Stone Wall x1 |
| 22:45 | Red Leader · wall_segment Stone Wall x1 |
| 23:22 | KingKongKeule · first_building Siege Workshop |
| 23:37 | KingKongKeule · first_building Monastery |
| 24:59 | Red Leader · wall_segment Stone Wall x16 |
| 25:57 | bjoern4tel · first_building Siege Workshop |
| 26:01 | Red Leader · first_building Castle |
| 26:59 | KingKongKeule · first_building Castle |
| 27:39 | KingKongKeule · age_up imperial |
| 28:31 | Red Leader · age_up imperial |
| 34:19 | Red Leader · resign |
[ AI ANALYSIS · 1 CREDIT ]
What really happened in this match?
Wolo.gg analyzes every decision: build order, eco, micro, common mistakes by bracket. Personalized analysis on WhatsApp or Discord in 30 seconds.
Civ guide
Mongols
Map guide
MegaRandom
Perfil
Jugador #5805821